 Dungeon Crawl Stone Soup version 0.24-a0-487-g57318f2 (webtiles) character file.

Game seed: 17108707077976890157

844 silentkaos13 the Cudgeler (level 7, 0/51 HPs)
             Began as a Demonspawn Wanderer on July 10, 2019.
             Slain by pigah's ghost (3 damage)
             ... on level 4 of the Dungeon.
             The game lasted 00:15:38 (5062 turns).

silentkaos13 the Cudgeler (Demonspawn Wanderer)     Turns: 5062, Time: 00:15:38

Health: 0/51       AC: 10    Str: 17    XL:     7   Next: 68%
Magic:  8/8        EV: 18    Int: 13    God:
Gold:   222        SH:  0    Dex: 15    Spells: 8/8 levels left

rFire    . . .     SeeInvis .   F - +1 dire flail
rCold    . . .     Gourm    .   (shield currently unavailable)
rNeg     . . .     Faith    .   b - +1 ring mail
rPois    .         Spirit   .   h - +2 helmet
rElec    .         Reflect  .   t - scarf {cloud immunity}
rCorr    .         Harm     .   (no gloves)
MR       .....                  (no boots)
Stlth    ++........             (no amulet)
HPRegen  0.17/turn              (no ring)
MPRegen  0.11/turn              (no ring)

@: agile
A: claws 1, demonic guardian 1, sturdy frame 2
a: no special abilities


You were on level 4 of the Dungeon.
You were not hungry.

You visited 1 branch of the dungeon, and saw 4 of its levels.

You collected 222 gold pieces.

Inventory:

Hand Weapons
 a - a +2 mace
 k - a +1 whip of freezing
 s - a +0 war axe
 D - a +3 hand axe
 F - a +1 dire flail (weapon)
Armour
 b - a +1 ring mail (worn)
 f - a +1 helmet
 g - a cursed +0 ring mail
 h - a +2 helmet (worn)
 t - a scarf of cloud immunity (worn)
 x - a +0 cloak
Jewellery
 B - a cursed ring of attention
Wands
 e - a wand of iceblast (11)
 p - a wand of scattershot (3)
 v - a wand of acid (6)
Scrolls
 j - 2 scrolls of fear
 n - a scroll of blinking
 r - a scroll of noise
 y - a scroll of remove curse
Potions
 c - a potion of lignification
 l - a potion of degeneration {unknown}
 o - a potion of agility
 u - a potion of mutation {unknown}
 w - a potion of might
 A - 4 potions of curing
 C - a potion of brilliance {unknown}
 E - a potion of magic
Comestibles
 d - 6 rations


   Skills:
 + Level 2.8 Fighting
 + Level 5.3 Maces & Flails
 + Level 4.8 Armour
 + Level 2.8 Dodging
 - Level 0.2 Stealth
   Level 1.7 Shields
 + Level 1.0 Spellcasting
   Level 2.0 Hexes
 + Level 0.1 Evocations


You had 8 spell levels left.
You didn't know any spells.
Your spell library was empty.

Dungeon Overview and Level Annotations

Branches:
Dungeon (4/15)
 Temple: D:4-7

Altars:
Kikubaaqudgha
Wu Jian
Zin
Beogh

Annotations:
D:4 pigah's ghost, amateur DrWn


Innate Abilities, Weirdness & Mutations

You have sharp fingernails.
A weak demonic guardian rushes to your aid.
Your movements are less encumbered by armour. (ER -4)


Message History

You sock pigah's ghost!
Pigah's ghost is heavily damaged.
The orc priest mumbles some strange prayers to Beogh against you.
Beogh smites you! Pigah's ghost hits you.
* * * LOW HITPOINT WARNING * * *
Pigah's ghost burns you.
* * * LOW HITPOINT WARNING * * *
It was a potion of magic.
Magic courses through your body. Pigah's ghost completely misses you.
It was a potion of agility.
You feel agile all of a sudden.
The orc priest begins to cast a cantrip, but forgets the words!
Pigah's ghost hits you!
* * * LOW HITPOINT WARNING * * *
Pigah's ghost burns you.
* * * LOW HITPOINT WARNING * * *
You feel better. Pigah's ghost hits you.
* * * LOW HITPOINT WARNING * * *
Pigah's ghost burns you.
You die...

#..#..##..#.##.....
#..#.#...)#.###....
#..'.#...[#.# ##...
#.oo.#.8._#.# ##..
##o'.#...[#.# ##'
#o#o#....#.# #.
#o#..##..#.######.
#W#..#8..#........
#@#..##..#......[.
#5#.....8#........
#8########........
### ###...##.
#######


You could see 2 orc priests, pigah's ghost, 4 orcs and a friendly quasit.

Vanquished Creatures
  An ogre (D:4)
  A scorpion (D:4)
  An orc wizard (D:4)
  A hound (D:4)
  2 orc priests (D:4)
  4 worker ants (D:4)
  5 adders
  An ooze (D:1)
  2 adder skeletons
  2 worms
  2 dart slugs (D:2)
  4 leopard geckos
  21 orcs
  6 bats
  A giant cockroach (D:1)
  11 goblins
  9 hobgoblins
  6 jackals
  7 kobolds
  A quokka (D:2)
  2 ball pythons
  7 frilled lizards
  6 rats
103 creatures vanquished.

Vanquished Creatures (collateral kills)
  Pikel (D:4)
  A slave (D:4)
  A scorpion (D:4)
  2 orc priests (D:2)
  4 orcs
9 creatures vanquished.

Vanquished Creatures (others)
  A slave (D:4)
  A jackal (D:4)
  A jackal skeleton (D:4)
3 creatures vanquished.

Grand Total: 115 creatures vanquished

Notes
Turn   | Place    | Note
-------+----------+-------------------------------------------
     0 | D:1      | silentkaos13 the Demonspawn Wanderer began the quest for
                  | the Orb.
     0 | D:1      | silentkaos13 set off with the following items: a +2 mace, a
                  | +0 ring mail, a potion of lignification, a ration
     0 | D:1      | Reached XP level 1. HP: 15/15 MP: 2/2
     1 | D:1      | Noticed an electric eel
   125 | D:1      | Gained mutation: A weak demonic guardian rushes to your
                  | aid. [demonic ancestry]
   125 | D:1      | Reached XP level 2. HP: 6/21 MP: 3/3
   825 | D:1      | Reached XP level 3. HP: 19/26 MP: 4/4
  1161 | D:2      | Reached skill level 2 in Maces & Flails
  1346 | D:2      | Found a glowing silver altar of Zin.
  1347 | D:2      | Found an ancient bone altar of Kikubaaqudgha.
  1360 | D:2      | Found an ornate altar of the Wu Jian Council.
  1465 | D:2      | Gained mutation: You have sharp fingernails. [demonic
                  | ancestry]
  1465 | D:2      | Reached XP level 4. HP: 28/32 MP: 5/5
  1564 | D:2      | Found a faded altar of an unknown god.
  1994 | D:2      | Gained mutation: Your movements are slightly less
                  | encumbered by armour. (ER -2) [demonic ancestry]
  1994 | D:2      | Reached XP level 5. HP: 29/37 MP: 6/6
  2290 | D:3      | Reached skill level 3 in Maces & Flails
  3482 | D:4      | Reached skill level 1 in Dodging
  3699 | D:4      | Reached XP level 6. HP: 38/44 MP: 7/7
  3745 | D:4      | Noticed a slave
  3747 | D:4      | Noticed Pikel
  3751 | D:4      | Noticed a slave
  3752 | D:4      | Noticed a slave
  3753 | D:4      | Noticed a slave
  3772 | D:4      | Killed a slave
  3772 | D:4      | HP: 2/44 [Pikel/+1 whip of freezing (1)]
  3782 | D:4      | Killed Pikel
  3782 | D:4      | Reached skill level 4 in Maces & Flails
  3782 | D:4      | Gained mutation: Your movements are less encumbered by
                  | armour. (ER -4) [demonic ancestry]
  3782 | D:4      | Reached XP level 7. HP: 18/51 MP: 8/8
  4065 | D:4      | Reached skill level 5 in Maces & Flails
  4752 | D:4      | Found a runed translucent gate.
  4753 | D:4      | Found a runed translucent gate.
  4753 | D:4      | Noticed pigah's ghost (amateur DrWn)
  4754 | D:4      | Found a runed translucent gate.
  4755 | D:4      | Identified the +6 scale mail of the Gastropod {Regen+ MP+9
                  | Str+9 Slay-4}
  5019 | D:4      | Found a roughly hewn altar of Beogh.
  5062 | D:4      | Slain by pigah's ghost

Levels and vault maps discovered:
D:1:      arrival_aquarium_a, layout_loops_ring
D:2:      layout_basic, grunt_temple_overflow_open,
          chequers_ecumenical_altar_island, minmay_hexomino_c4
D:3:      layout_basic, first_ration
D:4:      layout_loops_corners, biasface_ghost_orc_armoury, minmay_unequal,
          uniq_pikel

Skill      XL: |  1  2  3  4  5  6  7 |
---------------+----------------------+-----
Armour         | 3 4 |  4.8
Maces & Flails | 2 3 4 5 |  5.3
Dodging        | 1 2 |  2.8
Fighting       | 2 |  2.8
Stealth        | |  0.2
Shields        | |  1.7
Spellcasting   | |  1.0
Hexes          | |  2.0
Evocations     | |  0.1

Action                   |  1- 3 |  4- 6 |  7- 9 || total
-------------------------+-------+-------+-------++-------
Melee: Mace              |   103 |   168 |    59 ||   330
       Dire flail        |       |       |    16 ||    16
Evoke: Wand              |       |       |     3 ||     3
  Use: Potion            |       |     4 |     4 ||     8
       Scroll            |       |     8 |     9 ||    17
 Stab: Distracted        |       |     2 |       ||     2
  Eat: Chunk             |     2 |     4 |       ||     6
       Ration            |       |     1 |     2 ||     3
Armor: Ring mail         |    52 |    97 |    42 ||   191
Dodge: Dodged            |    55 |   124 |    52 ||   231

Table legend:
 A = Non-vault XP
 B = Vault XP
 C = Vault XP percentage of total XP
 D = Non-vault monster count
 E = Vault monster count
 F = Vault count percentage of total count
                 A         B        C        D         E       F
            +---------+---------+-------+---------+---------+-------
      Total |     672 |     535 |  44.3 |      97 |      14 |  12.6
            +---------+---------+-------+---------+---------+-------
        D:1 |      48 |       0 |   0.0 |      25 |       0 |   0.0
        D:2 |     142 |      10 |   6.6 |      25 |       7 |  21.9
        D:3 |      57 |       0 |   0.0 |      26 |       0 |   0.0
        D:4 |     425 |     525 |  55.3 |      21 |       7 |  25.0
            +---------+---------+-------+---------+---------+-------
